Map: Disco Bloodbath LE

Players

Inuitive - Winner!

  • Race: Zerg Zerg
  • League: Master
  • Spawn Location: 3:00

Mez

  • Race: Terran Terran
  • League: Master
  • Spawn Location: 9:00

VOD

Have the link to the VOD?

Description

Time

  • Played on: Aug. 23, 2019, 12:18 p.m.
  • Length: 14:07
Show
View Real Time Build Order
Export as new Build Order

Inuitive Zerg - Winner!

Build Orders: Hatch First 

Get SALT Encoding   

  12  0:01  Drone  
  13  0:12  Overlord  
  13  0:17  Drone  
  14  0:31  Drone x2  
  16  0:48  Hatchery  
  15  0:51  Drone  
  15  0:55  Drone  
  17  0:58  Drone  
  18  1:09  Extractor  
  17  1:13  Spawning Pool  
  17  1:16  Drone  
  17  1:19  Drone  
  18  1:28  Drone  
  19  1:39  Overlord  
  19  2:00  Queen x2  
  19  2:01  Zergling x6  
  26  2:11  Drone  
  26  2:12  Drone  
  28  2:18  Metabolic Boost  
  28  2:21  Drone  
  29  2:23  Drone  
  30  2:32  Drone  
  30  2:33  Drone  
  30  2:35  Queen  
  34  2:45  Overlord  
  34  2:49  Drone  
  35  2:56  Drone  
  36  3:00  Pneumatized Carapace  
  36  3:13  Drone  
  36  3:15  Drone x5  
  36  3:16  Drone  
  43  3:24  Drone  
  44  3:39  Overlord  
  44  3:41  Hatchery  
  44  3:42  Overlord  
  44  3:47  Zergling x2  
  44  3:55  Overlord  
  44  3:56  Queen  
  44  4:01  Zergling x4  
  44  4:02  Zergling x4  
  50  4:03  Overlord  
  50  4:04  Drone x2  
  52  4:17  Overlord  
  52  4:20  Drone x4  
  56  4:26  Drone  
  59  4:41  Baneling Nest  
  59  4:42  Lair  
  59  4:43  Queen  
  58  4:48  Overlord  
  58  4:49  Extractor, Drone  
  58  4:50  Extractor, Drone x5  
  62  4:54  Queen  
  62  4:58  Drone x2  
  62  4:59  Drone  
  67  5:04  Overlord, Drone  
  68  5:08  Zergling x6  
  71  5:25  Drone  
  71  5:26  Baneling x4  
  72  5:33  Queen  
  72  5:35  Drone x11  
  85  5:57  Centrifical Hooks  
  85  6:00  Hydralisk Den  
  85  6:02  Drone x3  
  85  6:03  Overlord, Evolution Chamber  
  86  6:04  Evolution Chamber  
  86  6:05  Drone x8  
  93  6:12  Extractor  
  92  6:22  Zergling x2  
  92  6:23  Zergling x12  
  92  6:24  Hatchery  
  92  6:32  Zergling x6  
  89  6:36  Zerg Melee Weapons Level 1, Grooved Spines  
  89  6:39  Queen  
  89  6:41  Drone x8  
  89  6:46  Baneling x7  
  97  6:48  Extractor  
  95  6:54  Zergling x12  
  101  7:03  Overlord  
  101  7:05  Overlord  
  101  7:07  Zergling x6  
  101  7:08  Zergling x2  
  105  7:09  Overlord  
  105  7:26  Drone  
  105  7:27  Infestation Pit  
  105  7:28  Zergling x12  
  111  7:32  Overlord  
  111  7:45  Extractor  
  111  7:47  Zergling x20, Muscular Augments  
  111  7:49  Baneling x6  
  112  7:59  Zergling x12  
  117  8:13  Zergling x24  
  107  8:21  Zergling x2  
  96  8:29  Queen  
  96  8:30  Zergling x10  
  96  8:31  Zergling x2  
  96  8:33  Baneling x4  
  101  8:35  Hatchery  
  101  8:37  Hive  
  101  8:38  Zerg Melee Weapons Level 2  
  101  8:39  Zerg Ground Armor Level 1  
  100  8:43  Zergling x16  
  108  8:53  Hatchery  
  108  8:55  Hydralisk x3  
  109  9:01  Hydralisk  
  115  9:05  Overlord  
  115  9:06  Hydralisk  
  115  9:07  Baneling  
  115  9:08  Baneling x11  
  117  9:22  Hydralisk x5  
  127  9:24  Zergling x6  
  127  9:29  Baneling x2  
  127  9:30  Baneling  
  130  9:34  Extractor  
  129  9:39  Queen  
  129  9:44  Zergling x14  
  137  9:57  Zergling x12  
  137  9:59  Overlord x3  
  143  10:14  Zergling x2  
  143  10:15  Zergling x12, Ultralisk Cavern  
  143  10:16  Overlord x2  
  143  10:20  Overlord x4  
  143  10:21  Overlord  
  149  10:31  Zergling x18  
  157  10:48  Zergling x20  
  160  11:09  Zerg Melee Weapons Level 3, Zerg Ground Armor Level 2  
  150  11:13  Chitinous Plating  
  150  11:15  Ultralisk x5  
  170  11:23  Hydralisk x4  
  170  11:29  Spore Crawler  
  170  11:30  Zergling x24  
  176  11:44  Drone x2  
  176  11:45  Drone  
  169  11:51  Drone  
  169  11:52  Drone x3  
  170  11:54  Zergling x6  
  173  12:06  Zergling x8  
  156  12:17  Zergling x2  
  156  12:18  Zergling x14  
  138  12:24  Zergling x6  
  125  12:31  Anabolic Synthesis  
  125  12:32  Zergling x10  
  127  12:38  Extractor  
  120  12:45  Zergling x10  
  120  12:49  Baneling  
  120  12:50  Baneling x5  
  125  12:51  Hatchery, Baneling x5  
  125  12:52  Zergling x10  
  129  13:02  Zergling x12  
  126  13:08  Zergling x6  
  126  13:10  Zergling x2  
  117  13:20  Zergling x18  
  125  13:27  Baneling  
  125  13:28  Baneling x7  
  125  13:30  Zergling x2, Baneling x9  
  120  13:49  Zergling x24  
Show
View Real Time Build Order
Export as new Build Order

Mez Terran 

Build Orders: Reaper Expand 

Get SALT Encoding   

  12  0:01  SCV  
  13  0:13  SCV  
  14  0:17  Supply Depot  
  14  0:25  SCV  
  15  0:38  SCV  
  15  0:40  Barracks  
  16  0:44  Refinery  
  16  0:50  SCV  
  17  1:02  SCV  
  18  1:14  SCV  
  19  1:27  Reaper  
  19  1:28  Orbital Command  
  20  1:38  Command Center  
  20  1:48  Supply Depot  
  20  1:55  SCV  
  20  1:59  Marine  
  22  2:07  SCV  
  23  2:11  Factory  
  23  2:14  Refinery  
  23  2:20  SCV  
  24  2:23  Barracks Reactor  
  24  2:43  SCV  
  25  2:53  Orbital Command  
  25  2:55  SCV  
  25  2:57  Starport  
  26  3:07  Hellion x2  
  26  3:08  SCV, Barracks Tech Lab  
  31  3:15  Supply Depot  
  31  3:21  SCV x2  
  33  3:29  Hellion x2  
  33  3:30  Marine  
  37  3:35  Viking  
  37  3:37  SCV x2  
  41  3:47  Supply Depot  
  41  3:50  SCV x2  
  41  3:53  Stimpack  
  43  4:02  Factory Reactor  
  43  4:04  Barracks  
  43  4:05  Marine  
  43  4:06  SCV x2  
  43  4:07  Barracks  
  46  4:16  Supply Depot  
  46  4:18  SCV x2  
  46  4:23  Marine  
  49  4:28  Starport Reactor  
  49  4:30  SCV x2  
  51  4:38  Command Center  
  51  4:40  Marine  
  51  4:42  Supply Depot  
  52  4:46  SCV x2  
  52  4:51  Factory Tech Lab  
  55  4:55  Marine x2  
  55  4:58  Marine  
  57  5:00  SCV x2  
  57  5:01  Marine x2  
  61  5:07  Supply Depot  
  61  5:11  Medivac  
  61  5:12  SCV x2, Medivac  
  61  5:13  Marine x2  
  69  5:16  Marine  
  69  5:18  Siege Tank  
  69  5:19  Marine  
  74  5:23  Engineering Bay  
  74  5:24  Engineering Bay  
  74  5:33  Marine x3  
  74  5:35  SCV x2  
  79  5:38  Refinery  
  79  5:40  Marine x2, Combat Shield, Refinery  
  81  5:52  SCV x2  
  81  5:53  Orbital Command  
  81  5:56  Siege Tank  
  86  5:57  Marine x3  
  86  5:58  Marine  
  86  6:01  Marine  
  91  6:05  Supply Depot  
  91  6:07  Supply Depot  
  91  6:11  Terran Infantry Armor Level 1, Terran Infantry Weapons Level 1  
  91  6:12  SCV x2  
  91  6:15  Marine  
  75  6:35  Marine, Orbital Command  
  75  6:36  Marine x4  
  80  6:40  Siege Tank  
  80  6:46  Barracks  
  83  6:47  Barracks  
  83  6:53  Marine  
  83  6:54  Marine x4  
  88  6:58  Medivac x2  
  88  6:59  Armory  
  92  7:02  SCV x3  
  95  7:11  Marine  
  95  7:14  SCV  
  97  7:15  Marine x2  
  97  7:16  Marine, Siege Tank  
  97  7:17  Supply Depot  
  97  7:18  Supply Depot  
  97  7:21  Marine  
  97  7:22  Supply Depot  
  104  7:24  SCV x2  
  104  7:26  SCV  
  104  7:29  Marine  
  108  7:33  Marine x2  
  110  7:53  Marine x3  
  110  7:54  Marine x2  
  117  8:02  Barracks Reactor x2  
  117  8:03  Siege Tank  
  118  8:06  Factory  
  118  8:07  Barracks  
  118  8:08  Barracks  
  118  8:10  Barracks  
  118  8:11  Marine x5  
  101  8:29  Marine x5  
  99  8:36  Terran Infantry Armor Level 2, SCV x3, Terran Infantry Weapons Level 2  
  99  8:40  Supply Depot  
  102  8:44  Supply Depot  
  102  8:47  Marine x5  
  102  8:48  SCV x3  
  110  8:50  Marine x4  
  110  8:51  Siege Tank  
  110  8:52  Factory Tech Lab  
  117  8:59  Refinery x2  
  117  9:00  Command Center, SCV x3  
  117  9:01  Liberator, Barracks Tech Lab x3  
  120  9:04  Marine  
  120  9:05  Marine x4  
  120  9:08  Marine  
  126  9:16  Marine x3  
  129  9:17  Siege Tank  
  129  9:22  Marine  
  129  9:23  Marine x4, Siege Tank  
  141  9:25  Marine, Marauder x3  
  148  9:34  Marine x2  
  148  9:36  Supply Depot  
  148  9:37  Supply Depot  
  150  9:40  Supply Depot  
  150  9:42  Marine  
  150  9:43  Marine x2, Marauder  
  155  9:46  Marauder  
  155  9:48  Supply Depot  
  157  10:02  Marine x8, Marauder x2  
  157  10:03  Siege Tank x2  
  157  10:04  Marauder  
  157  10:05  Medivac  
  157  10:06  Medivac  
  181  10:09  Marine  
  182  10:20  Marine x5  
  187  10:23  Marine x2  
  189  10:35  Marine, Siege Tank x2  
  192  10:36  Marine x4  
  200  10:50  Orbital Command  
  197  11:07  Refinery  
  197  11:09  Refinery  
  188  11:23  Marine  
  187  11:31  Marine x5, Marauder  
  187  11:32  Marauder x2  
  196  11:50  Marine  
  196  11:51  Marine x2, Marauder  
  196  11:53  Marauder  
  200  12:08  Liberator x2  
  127  12:25  Marine x4, Marauder x4  
  111  12:39  Marine x2  
  104  12:46  Marauder x2, Thor  
  114  12:51  Liberator  
  114  13:04  Concussive Shells  
  114  13:08  Medivac  
  97  13:14  Marine x4  
  97  13:15  Marine x8  
  95  13:25  Siege Tank  
  97  13:31  Siege Tank  
  97  13:32  Marine x7  
  97  13:33  Marine x3  
  110  13:44  Marine  
Tags
 
Add a new tag
Caveats
  • Supply blocks, unpowered buildings, or Contaminate may cause inaccurate times.
  • Supply counts are checked every 10 seconds.